 Dungeon Crawl Stone Soup version 0.31.0-11-ge490571c62 (webtiles) character file.

Game seed: 6396159817607369076

3240 sasquatch the Grappler (level 9, -1/96 HPs)
             Began as a Troll Hunter on Jan 28, 2024.
             Was a Priest of Cheibriados.
             Slain by an orc
             ... wielding a +0 hand axe
              (3 damage)
             ... on level 7 of the Dungeon.
             The game lasted 00:09:19 (5489 turns).

sasquatch the Grappler (Troll Hunter)               Turns: 5489, Time: 00:09:20

Health: -1/96      AC:  4    Str: 31    XL:     9   Next: 67%
Magic:  8/8        EV: 10    Int: 11    God:    Cheibriados [***...]
Gold:   456        SH:  0    Dex: 19    Spells: 8/8 levels left

rFire   + .          .
                       - Unarmed
rCold   . . .        (no shield)
rNeg    . . .        c - +0 robe
rPois   .            (helmet restricted)
rElec   .            (no cloak)
rCorr   .            (gloves unavailable)
SInv    .            (boots unavailable)
Will    .....        (no amulet)
Stlth   ++           x - ring of protection from fire
HPRegen 1.16/turn    y - ring of flight
MPRegen 0.11/turn

%: no passive effects
@: flying, very slow
A: large, unfitting armour, claws 3, regeneration 1, shaggy fur 1, tough skin 1
a: Renounce Religion, Bend Time, Temporal Distortion


You were on level 7 of the Dungeon.
You worshipped Cheibriados.
Cheibriados was most pleased with you.
You visited 2 branches of the dungeon, and saw 8 of its levels.

You collected 456 gold pieces.

Inventory:

Hand Weapons
 a - a +0 shortbow
Missiles
 l - 23 poisoned darts (quivered)
Armour
 c - a +0 robe (worn)
 w - a scarf of shadows
Jewellery
 u - a ring of poison resistance
 x - a ring of protection from fire (left claw)
 y - a ring of flight (right claw)
Wands
 s - a wand of iceblast (6)
 z - a wand of mindburst (7)
Scrolls
 b - a scroll of butterflies
 d - 3 scrolls of vulnerability
 e - 7 scrolls of teleportation
 g - 2 scrolls of fog
 h - a scroll of noise {unknown}
 j - 3 scrolls of revelation
 k - a scroll of fear {unknown}
 r - a scroll of poison
 v - a scroll of brand weapon {unknown}
 A - a scroll of enchant armour {unknown}
Potions
 f - a potion of cancellation {unknown}
 i - 2 potions of enlightenment
 m - 2 potions of mutation {unknown}
 n - 4 potions of heal wounds
 o - 2 potions of might {unknown}
 p - a potion of haste {unknown}
 q - a potion of lignification {unknown}
 t - 3 potions of curing {unknown}


   Skills:
 + Level 8.0 Fighting
 - Level 2.6 Ranged Weapons
 - Level 1.5 Dodging
 - Level 0.3 Stealth
 - Level 10.0 Unarmed Combat


You had 8 spell levels left.
You didn't know any spells.
Your spell library contained the following spells:

 Spells                   Type           Power      Damage    Failure   Level
 Slow                     Hex            0%         N/A       34%         1
 Summon Small Mammal      Summ           0%         N/A       34%         1
 Call Canine Familiar     Summ           0%         N/A       71%         3
 Confusing Touch          Hex            0%         N/A       71%         3
 Inner Flame              Hex/Fire       0%         N/A       71%         3
 Sigil of Binding         Hex            0%         N/A       71%         3
 Vampiric Draining        Necr           0%         2d6       71%         3
 Flame Wave               Conj/Fire      0%         2d4       98%         4
 Sticky Flame             Fire/Alch      0%         2d4       98%         4
 Summon Blazeheart Golem  Fire/Summ      0%         N/A       98%         4


Dungeon Overview and Level Annotations

Branches:
Dungeon (7/15)             Temple (1/1) D:4

Altars:
Ashenzari
Cheibriados
Dithmenos
Elyvilon
Fedhas
Gozag
Hepliaklqana
Kikubaaqudgha
Makhleb
Okawaru
Qazlal
Ru
Sif Muna
Trog
Vehumet
Wu Jian
Xom
Yredelemnul
Zin
The Shining One

Shops:
D:1 !   D:2 [


Innate Abilities, Weirdness & Mutations

You are too large for most types of armour.
You have claws for hands.
Your natural rate of healing is unusually fast.
You are covered in fur. (AC +1)
You have tough skin. (AC +1)


Message History

The manticore is almost dead.
You kill the manticore!
Cheibriados appreciates the change of pace.
The orc throws a boomerang.
The boomerang hits you.
* * * LOW HITPOINT WARNING * * *
Your Fighting skill increases to level 8!
The orc hits you but does no damage. The orc barely misses you.
The orc hits you with a +0 hand axe.
* * * LOW HITPOINT WARNING * * *
The orc priest closely misses you.
Unknown command.
You closely miss the orc priest. The orc priest barely misses you.
The orc hits you but does no damage. The orc barely misses you.
You scratch the orc priest.
The orc priest is moderately wounded.
You closely miss the orc priest.
The orc priest is moderately wounded.
The orc hits you but does no damage.
The orc priest hits you but does no damage.
The orc completely misses you.
You scratch the orc priest but do no damage.
The orc priest is moderately wounded.
The orc priest hits you with a +0 mace.
* * * LOW HITPOINT WARNING * * *
The orc barely misses you. The orc closely misses you.
You claw the orc priest!
The orc priest is severely wounded.
The orc priest invokes the aid of Beogh against you.
Pain shoots through your body!
* * * LOW HITPOINT WARNING * * *
The orc hits you but does no damage. The orc hits you with a +0 hand axe.
* * * LOW HITPOINT WARNING * * *
You closely miss the orc priest.
The orc priest is severely wounded.
The orc priest hits you with a +0 mace.
* * * LOW HITPOINT WARNING * * *
The orc hits you with a +0 hand axe.
* * * LOW HITPOINT WARNING * * *
The orc hits you with a +0 hand axe.
You die...

##....#.#)###.#### #.#
##..###.))......# #..
#.#.#.#####.##.# #..
#.##.## #....# #.. ##'####
#..#.###.. ##...##
#....^.... ##.....##
##)..##### ##.)..o..##
##....#
#..)>.o@..####.....#####
..'.....o...'.............
..#.........####....######
##....(..## ##....#
##..(..## ##.#.# ##...##
#...# ..#'## ##.## #.#.#
.# #.#.#### .#


You could see an orc priest and 2 orcs.

Vanquished Creatures
  A manticore (D:7)
  Joseph (D:7)
  A wyvern (D:7)
  A water moccasin (D:6)
  An orc warrior (D:7)
  3 sky beasts
  2 black bears (D:5)
  2 ice beasts (D:7)
  2 ogres (D:5)
  2 centaurs
  A phantom (D:4)
  A bullfrog (D:6)
  A scorpion (D:5)
  5 wights (D:7)
  A howler monkey (D:4)
  A bombardier beetle (D:3)
  3 hounds
  An orc priest (D:6)
  2 jellies (D:6)
  A sleepcap (D:5)
  2 iguanas (D:6)
  8 orc wizards
  4 gnolls (D:6)
  7 adders
  A shadow imp (D:6)
  A dart slug (D:1)
  2 ribbon worms
  24 orcs
  5 ball pythons
  6 endoplasms
  3 giant cockroaches
  14 goblins
  10 hobgoblins
  8 jackals
  2 quokkas (D:4)
  4 bats
  3 frilled lizards
  14 kobolds
  5 rats (D:1)
156 creatures vanquished.

Notes
Turn   | Place    | Note
-------+----------+-------------------------------------------
     0 | D:1      | sasquatch the Troll Hunter began the quest for the Orb.
     0 | D:1      | Reached XP level 1. HP: 19/19 MP: 0/0
    30 | D:1      | Found Gyixic's Distillery.
    53 | D:1      | Reached skill level 1 in Unarmed Combat
    69 | D:1      | Reached XP level 2. HP: 26/28 MP: 1/1
   225 | D:1      | Reached skill level 2 in Unarmed Combat
   232 | D:1      | Reached XP level 3. HP: 35/35 MP: 2/2
   653 | D:2      | Found a shimmering altar of Xom.
  1013 | D:2      | Found Ovuovish's Armour Shoppe.
  1242 | D:3      | Reached skill level 3 in Unarmed Combat
  1242 | D:3      | Reached XP level 4. HP: 26/44 MP: 3/3
  1354 | D:3      | Found a white marble altar of Elyvilon.
  2142 | D:3      | Reached XP level 5. HP: 46/50 MP: 4/4
  2254 | D:4      | Reached skill level 4 in Unarmed Combat
  2272 | D:4      | Noticed a phantom
  2301 | D:4      | Killed a phantom
  2302 | D:4      | Reached XP level 6. HP: 61/61 MP: 5/5
  2335 | D:4      | Reached skill level 5 in Unarmed Combat
  2584 | D:4      | Found a staircase to the Ecumenical Temple.
  2589 | Temple   | Entered the Ecumenical Temple
  2594 | Temple   | Became a worshipper of Cheibriados the Contemplative
  2729 | D:4      | Found a sacrificial altar of Ru.
  2930 | D:5      | Entered Level 5 of the Dungeon
  3013 | D:5      | Found a stormy altar of Qazlal.
  3088 | D:5      | Found a radiant altar of Vehumet.
  3160 | D:5      | Reached XP level 7. HP: 68/68 MP: 6/6
  3167 | D:5      | Reached skill level 6 in Unarmed Combat
  3287 | D:5      | Found a bloodstained altar of Trog.
  3301 | D:5      | Reached * piety under Cheibriados
  3382 | D:5      | Reached skill level 7 in Unarmed Combat
  3421 | D:5      | Found a shimmering altar of Xom.
  4144 | D:6      | Reached XP level 8. HP: 79/79 MP: 7/7
  4185 | D:6      | Found a glowing golden altar of the Shining One.
  4203 | D:6      | Reached skill level 5 in Fighting
  4203 | D:6      | Reached skill level 8 in Unarmed Combat
  4311 | D:6      | Reached ** piety under Cheibriados
  4542 | D:6      | Found a shimmering blue altar of Sif Muna.
  4634 | D:7      | Noticed a gargoyle
  4659 | D:7      | Noticed a manticore
  4714 | D:7      | Reached skill level 9 in Unarmed Combat
  4802 | D:7      | Found a broken altar of Ashenzari.
  4861 | D:7      | Reached XP level 9. HP: 80/89 MP: 8/8
  5048 | D:7      | Reached skill level 10 in Unarmed Combat
  5081 | D:7      | Noticed Joseph
  5092 | D:7      | Killed Joseph
  5298 | D:7      | Reached *** piety under Cheibriados
  5482 | D:7      | Killed a manticore
  5489 | D:7      | HP: 2/96 [orc/+0 hand axe (4)]
  5489 | D:7      | Slain by an orc

Illustrated notes

Levels and vault maps discovered:
D:1:      dpeg_arrival_tiny_i, layout_rooms, serial_shops,
          nicolae_shop_tiny_waterfront
D:2:      layout_loops_ring, serial_shops, shop, basic_altar,
          minmay_gold_behind_fungi, dk_noncrumbling_2
D:3:      corexii_shack_village, layout_basic, mainiacjoe_overflow_paths,
          minmay_fractal_squares_5
D:4:      layout_basic, mainiacjoe_overflow_alcove_2,
          minmay_temple_entry_butterflies
D:5:      layout_cave_pods, nicolae_vehumet_altar_sigil, general_overflow_altar,
          mainiacjoe_overflow_catwalk, trog_ov_bears_minmay, patterned_corridor
D:6:      layout_rooms, amcnicky_altar_gilded, hellmonk_sif_muna_bookshelves,
          hangedman_decor_peaks_small
D:7:      layout_loops_corners, nicolae_ashenzari_panopticon, uniq_joseph
Temple:   minmay_freezing_vapour_temple

Skill      XL: |  1  2  3  4  5  6  7  8  9 |
---------------+----------------------------+-----
Unarmed Combat | 1 2 3 4 5 7 9 10 | 10.0
Fighting       | 2 3 4 5 8 |  8.0
Ranged Weapons | |  2.6
Dodging        | |  1.5
Stealth        | |  0.3

Action                     |  1- 3 |  4- 6 |  7- 9 || total
---------------------------+-------+-------+-------++-------
  Melee: Unarmed           |    87 |   143 |   163 ||   393
         Punch             |     2 |     4 |    12 ||    18
   Fire: Shortbow          |    39 |       |       ||    39
  Throw: Dart              |       |       |     8 ||     8
  Evoke: Wand              |       |       |     4 ||     4
    Use: Scroll            |       |     4 |     4 ||     8
         Potion            |       |       |     1 ||     1
   Stab: Sleeping          |       |     2 |     1 ||     3
         Distracted        |       |       |     1 ||     1
 Armour: Robe              |    68 |    79 |   159 ||   306
  Dodge: Dodged            |    59 |    57 |    97 ||   213
